 Dungeon Crawl Stone Soup version 0.29-a0-384-g6960b1960d (webtiles) character file.

Game seed: 682638956577693888

260 siradein the Conjurer (level 5, 0/35 HPs)
             Began as a Demonspawn Conjurer on May 7, 2022.
             Killed from afar by an orc wizard (12 damage)
             ... with a puff of flame
             ... on level 3 of the Dungeon.
             The game lasted 00:06:02 (2873 turns).

siradein the Conjurer (Demonspawn Conjurer)         Turns: 2873, Time: 00:06:02

Health: 0/35       AC:  5    Str:  8    XL:     5   Next: 95%
Magic:  2/11       EV: 11    Int: 21    God:
Gold:   113        SH:  0    Dex: 11    Spells: 5/12 levels left

rFire   . . .      SeeInvis .   m - +0 spear
rCold   . . .      Faith    .   (no shield)
rNeg    . . .      Spirit   .   i - +0 leather armour
rPois   .          Reflect  .   j - +0 helmet
rElec   .          Harm     .   d - +0 cloak
rCorr   .          Rampage  .   (no gloves)
Will    .....                   (no boots)
Stlth   +.........              (no amulet)
HPRegen 0.11/turn               (no ring)
MPRegen 0.12/turn               (no ring)

@: no status effects
A: foul stench 2
a: no special abilities


You were on level 3 of the Dungeon.
You visited 1 branch of the dungeon, and saw 3 of its levels.

You collected 113 gold pieces.

Inventory:

Hand Weapons
 m - a +0 spear (weapon)
Armour
 d - a +0 cloak (worn)
 i - a +0 leather armour (worn)
 j - a +0 helmet (worn)
Jewellery
 q - an amulet of the acrobat
Wands
 l - a wand of mindburst (6)
Scrolls
 a - a scroll of noise {unknown}
 c - a scroll of fog {unknown}
 h - 3 scrolls of identify {unknown}
 k - 2 scrolls of vulnerability {unknown}
 o - a scroll of magic mapping {unknown}
Potions
 b - 2 potions of magic
 e - 2 potions of curing {unknown}
 f - a potion of heal wounds {unknown}
 g - a potion of lignification {unknown}
 n - a potion of might {unknown}
 p - a potion of degeneration {unknown}
 r - a potion of brilliance {unknown}


   Skills:
 - Level 1.7 Dodging
 - Level 1.7 Stealth
 + Level 4.0 Spellcasting
 + Level 5.5 Conjurations
 + Level 2.2 Hexes


You had 5 spell levels left.
You knew the following spells:

 Your Spells              Type           Power      Damage    Failure   Level
a - Magic Dart            Conj           100%       1d8       1%          1
b - Searing Ray           Conj           54%        2d6       2%          2
c - Fulminant Prism       Conj/Hex       10%        3d9       34%         4

Your spell library contained the following spells:

 Spells                   Type           Power      Damage    Failure   Level
 Dazzling Flash           Conj/Hex       40%        N/A       11%         3
 Sublimation of Blood     Necr           4%         N/A       26%         2
 Iskenderun's Mystic Bla  Conj/Tloc      15%        2d5       50%         4
 Irradiate                Conj/Tmut      7%         3d15      83%         5
 Petrify                  Tmut/Erth      4%         N/A       86%         4


Dungeon Overview and Level Annotations

Branches:
Dungeon (3/15)

Altars:
Cheibriados


Innate Abilities, Weirdness & Mutations

You sometimes emit foul miasma when damaged in melee.


Message History

The orc is poisoned.
The orc seems to slow down.
You kill the orc!
You hit the orc wizard.
The orc wizard is heavily wounded.
The orc wizard hits you with a +0 dagger.
You hit the orc wizard.
The orc wizard is heavily wounded.
The orc wizard hits you but does no damage.
You closely miss the orc wizard.
The orc wizard is heavily wounded.
The orc wizard hits you but does no damage.
Casting: Searing Ray (safe; 2% risk of failure)
Confirm with . or Enter, or press ? or * to list all spells.
Aiming: Searing Ray (safe; 2% risk of failure)
Press: ? - help, Shift-Dir - straight line, f/p - orc wizard
Aim: an orc wizard, wielding a +0 dagger and wearing a +0 robe (heavily wounded, 74% to hit)
The searing ray hits the orc wizard.
The orc wizard is severely wounded. (Press . to maintain the ray.)
The orc wizard casts a spell at you.
You are confused.
The orc wizard casts a spell at you. The puff of flame hits you.
The orc wizard attacks as you move away!
The orc wizard closely misses you.
You bump into the rock wall.
The orc wizard casts a spell.
The orc wizard flickers and vanishes!
Deactivating autopickup; reactivate with Ctrl-A.
You bump into the rock wall.
Something hits you. Something hits you but does no damage.
You bump into the rock wall.
You feel less confused. Something hits you.
You closely miss something. Something hits you but does no damage.
You hit something.
You hear some strange, mumbled words.
A puff of flame appears from out of thin air!
The puff of flame hits you!
You die...

#...†...#.###...########
###.#####.# ##### #.#
#.# #.#####.# ###
#.......# #.. #
#######.# #.# .#
........# #.##.#
.######.###....####
#...@{....#.....
.....##.###.....##
.#####...##).....#
#..............
##...#.≈≈≈≈≈≈≈.
......##...≈≈≈≈≈≈
#####.##.8...._≈≈
#.##...≈≈≈≈≈≈
#'##)≈≈≈≈≈≈≈.


There were no monsters in sight!

Vanquished Creatures
  Sigmund (D:3)
  3 gnolls (D:2)
  3 adders
  A dart slug (D:1)
  3 orcs (D:3)
  A ball python (D:3)
  3 endoplasms (D:1)
  3 giant cockroaches
  3 goblins
  A hobgoblin (D:2)
  2 jackals (D:2)
  2 quokkas
  3 bats
  3 frilled lizards
  7 kobolds
  4 rats (D:1)
43 creatures vanquished.

Vanquished Creatures (others)
  2 fungi (D:1)
  2 plants (D:1)
4 creatures vanquished.

Grand Total: 47 creatures vanquished

Notes
Turn   | Place    | Note
-------+----------+-------------------------------------------
     0 | D:1      | siradein the Demonspawn Conjurer began the quest for the
                  | Orb.
     0 | D:1      | Reached XP level 1. HP: 13/13 MP: 3/3
   579 | D:1      | Gained mutation: You may rarely emit foul miasma when
                  | damaged in melee. [demonic ancestry]
   579 | D:1      | Reached XP level 2. HP: 19/19 MP: 1/5
   904 | D:1      | Found a faded altar of an unknown god.
   926 | D:1      | Learned a level 2 spell: Searing Ray
  1629 | D:2      | Gained mutation: You sometimes emit foul miasma when
                  | damaged in melee. [demonic ancestry]
  1629 | D:2      | Reached XP level 3. HP: 24/24 MP: 0/7
  1991 | D:2      | Reached XP level 4. HP: 30/30 MP: 2/8
  2533 | D:2      | Learned a level 4 spell: Fulminant Prism
  2680 | D:3      | Noticed Sigmund
  2687 | D:3      | Reached skill level 5 in Conjurations
  2688 | D:3      | Killed Sigmund
  2689 | D:3      | Reached XP level 5. HP: 27/35 MP: 1/10
  2829 | D:3      | Found a snail-covered altar of Cheibriados.
  2873 | D:3      | Killed from afar by an orc wizard

Illustrated notes

Levels and vault maps discovered:
D:1:      roderic_chinese_lattice_arrival, layout_loops_ring,
          shapermc_ecumenical_altar_ellora, chequers_garden
D:2:      layout_basic, minmay_pentomino_o4
D:3:      layout_loops_corners, mainiacjoe_overflow_catwalk,
          mainiacjoe_overflow_brackets, patterned_corridor, uniq_sigmund,
          uniq_ijyb

Skill      XL: |  1  2  3  4  5 |
---------------+----------------+-----
Spellcasting   | 3 4 |  4.0
Conjurations   | 5 |  5.5
Hexes          | 2 |  2.2
Dodging        | |  1.7
Stealth        | |  1.7

Action                   |  1- 3 |  4- 6 || total
-------------------------+-------+-------++-------
Melee: Unarmed           |    22 |       ||    22
       Club              |     7 |       ||     7
       Spear             |     1 |     6 ||     7
 Cast: Magic Dart        |    61 |    26 ||    87
       Searing Ray       |     3 |     4 ||     7
Armor: Robe              |     5 |       ||     5
       Leather armour    |     5 |     8 ||    13
Dodge: Dodged            |    23 |    10 ||    33

Table legend: (Time is in decaauts)
 A = Elapsed time spent in this place.
 B = Non-inter-level travel time spent in this place.
 C = Inter-level travel time spent in this place.
 D = Time resting spent in this place.
 E = Time spent auto-exploring this place.
 F = Levels seen in this place.
 G = Mean time per level.
                   A        B        C        D        E       F      G
               +--------+--------+--------+--------+--------+-----+--------+
         Total |   2874 |   2826 |     48 |     60 |   2344 |   3 |  958.0 |
       Dungeon |   2874 |   2826 |     48 |     60 |   2344 |   3 |  958.0 |
               +--------+--------+--------+--------+--------+-----+--------+

Top non-repeatable levels by time:
     D:1: 1379 daAuts
     D:2: 1157 daAuts
     D:3: 337 daAuts
